 Dungeon Crawl Stone Soup version 0.26-b1-45-g23770d1d51 (webtiles) character file.

Game seed: 11707946745979959210

1693 raceaflais the Cleaver (level 8, -18/69 HPs)
             Began as a Minotaur Gladiator on Jan 6, 2021.
             Was an Initiate of Trog.
             Engulfed by a blizzard demon's freezing vapour (22 damage)
             ... created by the fury of Makhleb
             ... on level 6 of the Dungeon.
             The game lasted 00:11:50 (7525 turns).

raceaflais the Cleaver (Minotaur Gladiator)         Turns: 7525, Time: 00:11:51

Health: -18/69     AC: 16    Str: 20    XL:     8   Next: 72%
Magic:  6/6        EV:  9    Int: 11    God:    Trog [......]
Gold:   360        SH:  0    Dex: 19    Spells: 7/7 levels left

rFire    + . .     SeeInvis .   a - +0 war axe
rCold    . . .     Faith    .   (no shield)
rNeg     . . .     Spirit   .   l - +0 plate armour
rPois    .         Reflect  .   c - +1 hat
rElec    .         Harm     .   u - +1 cloak
rCorr    .         Rampage  .   (no gloves)
Will     .....                  y - +0 pair of boots
Stlth    ..........             (no amulet)
HPRegen  0.21/turn              g - +6 ring of dexterity
MPRegen  0.10/turn              b - +6 ring of intelligence

@: about to teleport
A: retaliatory headbutt, horns 2, fire resistance 1, low mp 1
a: Renounce Religion


You were on level 6 of the Dungeon.
You worshipped Trog.
Trog was noncommittal.
You visited 2 branches of the dungeon, and saw 7 of its levels.

You collected 360 gold pieces.

Inventory:

Hand Weapons
 a - a +0 war axe (weapon)
 m - a +2 rapier of protection
 x - a +2 spear of pain
Missiles
 d - 3 throwing nets (quivered)
 f - 272 stones
 s - 39 bolts
 t - 4 javelins
 v - 56 arrows
 w - 11 sling bullets
 D - 5 boomerangs
Armour
 c - a +1 hat (worn)
 l - a +0 plate armour (worn)
 u - a +1 cloak (worn)
 y - a +0 pair of boots (worn)
Jewellery
 b - a +6 ring of intelligence (right hand)
 g - a +6 ring of dexterity (left hand)
 A - an uncursed ring of flight {unknown}
Wands
 n - a wand of paralysis (9)
 B - a wand of acid (4)
Scrolls
 e - 2 scrolls of identify
 j - a scroll of remove curse
 q - a scroll of random uselessness {unknown}
 z - a scroll of enchant weapon
Potions
 h - a potion of cancellation
 k - a potion of attraction


   Skills:
 + Level 5.5 Fighting
 + Level 9.9(10.0) Axes
 + Level 1.0(6.3) Polearms
 + Level 2.2 Throwing
 + Level 4.8 Armour
 + Level 5.6 Dodging
 + Level 2.2 Stealth


You had 7 spell levels left.
You didn't know any spells.
Your spell library was empty.

Dungeon Overview and Level Annotations

Branches:
Dungeon (6/15)             Temple (1/1) D:6

Altars:
Ashenzari
Cheibriados
Dithmenos
Fedhas
Gozag
Kikubaaqudgha
Makhleb
Ru
Sif Muna
Trog
Wu Jian
Xom
Yredelemnul
Zin

Shops:
D:5 *


Innate Abilities, Weirdness & Mutations

You reflexively headbutt those who attack you in melee.
You have a pair of horns on your head.
Your flesh is heat resistant. (rF+)
Your magical capacity is low. (-10% MP)


Message History

The blizzard demon hits you!
The blizzard demon completely misses you.
You slash the blizzard demon!
Your headbutt misses the blizzard demon.
The blizzard demon is severely wounded.
The blizzard demon gestures at you. The freezing blast engulfs you!
* * * LOW HITPOINT WARNING * * *
You hit the blizzard demon.
The blizzard demon is severely wounded.
You are engulfed in freezing vapours.
* * * LOW HITPOINT WARNING * * *
The blizzard demon is engulfed in freezing vapours.
The blizzard demon closely misses you. You furiously retaliate!
You headbutt the blizzard demon!
The blizzard demon hits you but does no damage.
Okay, then.
As you read the scroll of teleportation, it crumbles to dust.
You feel strangely unstable.
You are engulfed in freezing vapours.
You die...

#......###...######
###.#†##.##.
#.###..........)).#
#...#.##.##. #.#
#.8.8[8.)####)####.###.##^##[
#.###..⌠.÷...#
#†...............
......8.>.8.##
#####.).##.##.###
#.###..⌠.⌠..#
#####>....#.##.# #.#
#.8.8.8.# #○○..........#. #.#
#.......####2###.....#.#. #.#
##.##.#...○○@°○.......## #.#
#......####☼#########.# #.#
######.# #○# #.. #.#
#.####.#### .## #.#
#.#.).÷...# #.# #.#.......#
..#########.#.......#
....................#
#.#########.#.......#


You could see a blizzard demon.

Vanquished Creatures
  2 smoke demons (D:6)
  A troll (D:5)
  A sky beast (D:6)
  A black bear (D:5)
  A phantom (D:5)
  An ogre (D:6)
  A centaur (D:6)
  2 bullfrogs (D:6)
  A scorpion (D:5)
  A howler monkey (D:4)
  2 hounds
  A gnoll shaman (D:6)
  3 orc priests
  A jelly (D:6)
  An iguana (D:6)
  6 orc wizards
  2 worker ants
  2 hound skeletons
  A worker ant zombie (D:6)
  3 gnolls (D:6)
  10 adders
  A howler monkey skeleton (D:5)
  3 white imps (D:5)
  2 ufetubi (D:5)
  3 adder skeletons (D:4)
  5 worms
  6 leopard geckos
  14 orcs
  3 giant cockroaches
  6 hobgoblins
  18 jackals
  5 quokkas
  2 ball pythons
  7 bats
  3 frilled lizards
  10 goblins
  A jackal skeleton (D:4)
  7 kobolds
  A quokka skeleton (D:6)
  8 rats
149 creatures vanquished.

Vanquished Creatures (others)
  A sky beast (D:6)
1 creature vanquished.

Grand Total: 150 creatures vanquished

Notes
Turn   | Place    | Note
-------+----------+-------------------------------------------
     0 | D:1      | raceaflais the Minotaur Gladiator began the quest for the
                  | Orb.
     0 | D:1      | Reached XP level 1. HP: 18/18 MP: 0/0
    53 | D:1      | Reached XP level 2. HP: 19/25 MP: 1/1
   499 | D:1      | Reached skill level 4 in Axes
   679 | D:2      | Reached skill level 1 in Armour
   679 | D:2      | Reached XP level 3. HP: 26/30 MP: 2/2
   928 | D:2      | Reached XP level 4. HP: 38/38 MP: 3/3
  1545 | D:3      | Reached skill level 5 in Axes
  1548 | D:3      | Reached XP level 5. HP: 43/45 MP: 4/4
  3146 | D:4      | Reached XP level 6. HP: 51/51 MP: 5/5
  3319 | D:4      | Reached skill level 6 in Axes
  4046 | D:5      | Entered Level 5 of the Dungeon
  4063 | D:5      | Noticed a troll
  4079 | D:5      | Reached skill level 1 in Stealth
  4079 | D:5      | Reached XP level 7. HP: 9/59 MP: 6/6
  5156 | D:5      | Reached skill level 7 in Axes
  5156 | D:5      | Reached skill level 5 in Dodging
  5410 | D:5      | Found Keytuh's General Store.
  5956 | D:5      | Killed a troll
  5957 | D:5      | Reached skill level 5 in Fighting
  5957 | D:5      | Reached skill level 8 in Axes
  5957 | D:5      | Reached XP level 8. HP: 44/68 MP: 7/7
  7128 | D:6      | Reached skill level 9 in Axes
  7158 | D:6      | Found a staircase to the Ecumenical Temple.
  7170 | D:6      | Reached skill level 1 in Polearms
  7275 | Temple   | Entered the Ecumenical Temple
  7282 | Temple   | Became a worshipper of Makhleb the Destroyer
  7349 | Temple   | Fell from the grace of Makhleb
  7349 | Temple   | Became a worshipper of Trog the Wrathful
  7443 | D:6      | Noticed a smoke demon
  7444 | D:6      | Gained mutation: Your magical capacity is low. (-10% MP)
                  | [potion of mutation]
  7444 | D:6      | Gained mutation: Your flesh is heat resistant. (rF+)
                  | [potion of mutation]
  7450 | D:6      | Killed a smoke demon
  7491 | D:6      | Noticed a smoke demon
  7500 | D:6      | Killed a smoke demon
  7513 | D:6      | Noticed a blizzard demon
  7525 | D:6      | Engulfed by a blizzard demon's freezing vapour

Illustrated notes

Levels and vault maps discovered:
D:1:      amcnicky_arrival_blooded_trapdoor, layout_rooms, serial_rivers,
          chequers_serial_rivers_room_b, chequers_serial_rivers_small_a,
          chequers_serial_rivers_room_a, chequers_serial_rivers_small_3,
          chequers_serial_rivers_large_a, minmay_misc_feat_rugged
D:2:      layout_rooms
D:3:      layout_basic, grunt_ministairs_12, minmay_misc_feat_chi,
          minmay_checkerbox
D:4:      layout_basic
D:5:      layout_loops_ring, serial_shops, shop, minmay_circle_x
D:6:      layout_loops_ring, minmay_temple_entry_statues_fountains
Temple:   eino_temple_lava

Skill      XL: |  1  2  3  4  5  6  7  8 |
---------------+-------------------------+-----
Axes           | 4 5 6 8 9 |  9.9
Armour         | 1 2 3 4 |  4.8
Fighting       | 3 4 5 |  5.5
Dodging        | 4 5 |  5.6
Stealth        | 1 2 |  2.2
Polearms       | 1 |  1.0
Throwing       | |  2.2

Action                   |  1- 3 |  4- 6 |  7- 9 || total
-------------------------+-------+-------+-------++-------
Melee: War axe           |    62 |   127 |   139 ||   328
       Headbutt          |    11 |    20 |    41 ||    72
       Spear             |       |       |    15 ||    15
  Use: Potion            |       |     3 |    10 ||    13
       Scroll            |       |     1 |    15 ||    16
 Stab: Sleeping          |       |     1 |     1 ||     2
Armor: Leather armour    |    21 |    14 |       ||    35
       Robe              |       |    11 |     8 ||    19
       Plate armour      |       |       |    70 ||    70
Dodge: Dodged            |    54 |   106 |    73 ||   233
